 Dungeon Crawl Stone Soup version 0.22-a0-402-ga933591 (webtiles) character file.

312 KristoblXynda the Ruffian (level 6, -9/53 HPs)
             Began as a Troll Wizard on May 7, 2018.
             Was an Initiate of Cheibriados.
             Mangled by an orc warrior
             ... wielding a +0 glaive
              (14 damage)
             ... on level 4 of the Dungeon.
             The game lasted 00:10:26 (3264 turns).

KristoblXynda the Ruffian (Troll Wizard)            Turns: 3264, Time: 00:10:26

Health: -9/53      AC:  5    Str: 22    XL:     6   Next: 18%
Magic:  8/8        EV: 10    Int: 17    God:    Cheibriados [......]
Gold:   241        SH:  0    Dex:  9    Spells: 8/9 levels left

rFire    . . .     SeeInvis .     - Unarmed
rCold    . . .     Gourm    +   (no shield)
rNeg     . . .     Faith    .   a - +0 robe
rPois    .         Spirit   .   b - +0 hat
rElec    .         Reflect  .   q - scarf {cloud immunity}
rCorr    .         Harm     .   (gloves unavailable)
MR       +....                  (boots unavailable)
Stlth    +.........             (no amulet)
HPRegen  0.57/turn              i - ring of protection from magic
MPRegen  0.11/turn              (no ring)

@: mighty, very slow
A: large, unfitting armour, claws 3, fast metabolism 3, gourmand, regeneration
1, shaggy fur 1, tough skin 2
a: Bend Time, Renounce Religion


You were on level 4 of the Dungeon.
You worshipped Cheibriados.
Cheibriados was noncommittal.
You were very full.

You visited 2 branches of the dungeon, and saw 5 of its levels.

You collected 241 gold pieces.

Inventory:

Armour
 a - a +0 robe (worn)
 b - a +0 hat (worn)
 q - a scarf of cloud immunity (worn)
Jewellery
 i - a ring of protection from magic (left claw)
Scrolls
 e - 5 scrolls of teleportation
 f - a scroll of enchant weapon {unknown}
 g - 2 scrolls of remove curse {unknown}
 h - 4 scrolls of magic mapping
 o - 2 scrolls of fear {unknown}
Potions
 k - 2 potions of brilliance
 l - a potion of lignification {unknown}
 m - a potion of might
 n - a potion of haste
Comestibles
 d - 10 rations


   Skills:
 - Level 1.5 Dodging
 - Level 1.0 Stealth
 * Level 4.2 Unarmed Combat
 - Level 2.0 Spellcasting
 * Level 3.3 Conjurations
   Level 0.6 Summonings
   Level 0.6 Translocations


You had 8 spell levels left.
You knew the following spells:

 Your Spells              Type           Power        Failure   Level  Hunger
a - Magic Dart            Conj           ##..         4%          1    #......


Dungeon Overview and Level Annotations

Branches:
Dungeon (4/15)             Temple (1/1) D:4

Altars:
Cheibriados
Dithmenos
Elyvilon
Gozag
Hepliaklqana
Kikubaaqudgha
Nemelex Xobeh
Okawaru
Qazlal
Ru
Sif Muna
Uskayaw
Vehumet
Wu Jian
Yredelemnul
Zin
The Shining One


Innate Abilities, Weirdness & Mutations

You are too large for most types of armour.
You have claws for hands.
Your metabolism is lightning-fast.
You like to eat raw meat.
Your natural rate of healing is unusually fast.
You are covered in fur. (AC +1)
You have very tough skin. (AC +2)


Message History

The adder is almost dead.
The orc warrior barely misses you. The orc hits you but does no damage.
The adder bites you.
* * * LOW HITPOINT WARNING * * *
Unknown command.
You barely miss the adder.
The adder is almost dead.
The adder closely misses you. The orc warrior barely misses you.
The orc hits you with a falchion.
* * * LOW HITPOINT WARNING * * *
Unknown command.
You miss the adder.
The adder is almost dead.
The adder misses you. The orc barely misses you.
Unknown command.
You claw the adder!
You kill the adder!
Cheibriados appreciates the change of pace.
The orc warrior hits you from afar with a glaive!
You die...

≈≈≈≈≈≈≈≈≈≈≈≈≈,,,,≈≈≈≈≈≈≈≈≈≈≈≈≈≈≈≈
≈≈≈≈≈≈≈≈≈≈≈≈≈,,,,≈≈≈≈≈≈≈≈≈≈≈≈≈≈≈≈
≈≈≈≈≈≈≈≈≈≈≈≈≈...,,≈≈≈≈≈≈≈≈≈≈≈≈≈≈≈
≈..≈≈.≈≈≈≈.≈≈..,,,≈,,,≈≈≈≈≈≈≈,≈≈≈
...............,,,,,,,,,,,,,,,,,,
..............,,,,,,,,,,,,,,,,,,,
...o..........,,,,,,,,,,,,,,*****
.o...........############**,*****
.ooo.........Koo@†....<..,,,,,,,,
.o.o...#####)#####.######**,*****
..#o##.# #.## *.# *,* .##.##.#
#..####.## *,* .##....*
##.......# *,***** ....#o,*
#.......# *,,,,,, ....#..*
#.......# ******* ....#,.#
##......# *, .......# #.....## *,


You could see an orc warrior, an orc and a kobold.

Vanquished Creatures
  An oklob sapling (D:4)
  A howler monkey (D:4)
  2 orc priests (D:4)
  6 adders
  An ooze (D:4)
  2 worms
  2 dart slugs
  6 leopard geckos
  5 orcs
  3 ball pythons
  11 bats
  6 giant cockroaches
  9 goblins
  7 hobgoblins
  7 jackals
  4 quokkas
  5 frilled lizards
  10 kobolds
  9 rats
  A plant (D:4)
98 creatures vanquished.

Notes
Turn   | Place    | Note
-------+----------+-------------------------------------------
     0 | D:1      | KristoblXynda the Troll Wizard began the quest for the Orb.
     0 | D:1      | Reached XP level 1. HP: 16/16 MP: 2/2
   118 | D:1      | Reached skill level 1 in Conjurations
   127 | D:1      | Reached skill level 1 in Unarmed Combat
   141 | D:1      | Reached XP level 2. HP: 16/24 MP: 4/4
   855 | D:2      | Reached XP level 3. HP: 31/31 MP: 5/5
   970 | D:2      | Reached skill level 2 in Unarmed Combat
  1307 | D:2      | Found a stormy altar of Qazlal.
  1444 | D:2      | Reached XP level 4. HP: 13/39 MP: 6/6
  2256 | D:3      | Reached skill level 3 in Unarmed Combat
  2504 | D:3      | Found an ornate altar of the Wu Jian Council.
  2504 | D:3      | Found a hazy altar of Hepliaklqana.
  2633 | D:4      | Reached XP level 5. HP: 6/45 MP: 7/7
  2717 | D:4      | Found an ancient bone altar of Kikubaaqudgha.
  2777 | D:4      | Noticed an orc warrior
  2959 | D:4      | Found a staircase to the Ecumenical Temple.
  3036 | D:4      | HP: 2/45 [acid (12)]
  3128 | D:4      | Reached skill level 4 in Unarmed Combat
  3128 | D:4      | Reached XP level 6. HP: 27/53 MP: 8/8
  3134 | Temple   | Entered the Ecumenical Temple
  3197 | Temple   | Became a worshipper of Cheibriados the Contemplative
  3264 | D:4      | Mangled by an orc warrior

Vault maps used:
D:1:      matt_arrival_spirals
D:2:      grunt_qazlal_sundering, first_ration
D:3:      minmay_wonky_spiral, gammafunk_temple_overflow_elements, corexii_shack
D:4:      minmay_goblin_kobold_castle, nicolae_overflow_crystal_walls,
          minmay_temple_entry_oklob, uniq_edmund
Temple:   dshaligram_water_room_temple

Skill      XL: |  1  2  3  4  5 |
---------------+----------------+-----
Conjurations   | 1 2 3 |  3.3
Unarmed Combat | 1 2 3 4 |  4.2
Dodging        | |  1.5
Stealth        | |  1.0
Spellcasting   | |  2.0
Summonings     | |  0.6
Translocations | |  0.6

Action                   |  1- 3 |  4- 6 || total
-------------------------+-------+-------++-------
Melee: Unarmed           |   170 |   232 ||   402
       Punch             |       |     1 ||     1
  Use: Potion            |       |     4 ||     4
       Scroll            |       |     6 ||     6
 Stab: Sleeping          |     2 |     3 ||     5
  Eat: Chunk             |    19 |    16 ||    35
Armor: Robe              |   106 |    77 ||   183
Dodge: Dodged            |   128 |   105 ||   233

Table legend:
 A = Spawn XP
 B = Non-spawn XP
 C = Spawn XP percentage of total XP
 D = Spawn monster count
 E = Non-spawn monster count
 F = Spawn count percentage of total count
 G = Total turns spent on level
                    A         B        C        D         E        F      G
               +---------+---------+-------+---------+---------+-------+---------
         Total |       0 |     447 |   0.0 |       0 |      97 |   0.0 |  3264
               +---------+---------+-------+---------+---------+-------+---------
           D:1 |       0 |      33 |   0.0 |       0 |      16 |   0.0 |   726
           D:2 |       0 |      75 |   0.0 |       0 |      26 |   0.0 |   990
           D:3 |       0 |      71 |   0.0 |       0 |      36 |   0.0 |   899
           D:4 |       0 |     268 |   0.0 |       0 |      19 |   0.0 |   575
               +---------+---------+-------+---------+---------+-------+---------
